[Event "17th Izmir Open 2018"]
[Site "Izmir"]
[Date "2018.09.09"]
[Round "1.3"]
[White "Arat, Ufuk Sezen"]
[Black "Kaya, Nehar Baris"]
[Result "*"]
[ECO "B07"]
[WhiteElo "2385"]
[BlackElo "1356"]
[Annotator "NA"]
[PlyCount "53"]
[EventDate "2018.09.09"]
[EventType "swiss"]
[EventCountry "TUR"]
[SourceTitle "playchess.com"]
[Source "ChessBase"]
[SourceQuality "1"]
[TimeControl "5400+30"]

1. d4 Nf6 2. Nf3 g6 3. Nbd2 Bg7 4. e4 d6 5. Bd3 O-O 6. O-O Nbd7 7. Re1 e5 8. c3 Nh5 9. a4 {B07: Pirc Defence: Miscellaneous Systems} (9. Nc4 h6 10. Bd2 Re8 11. Bf1 b6 12. Qc2 Bb7 13. d5 f5 14. exf5 Bxd5 15. Be2 Nc5 16. fxg6 Rf8 {½-½ (41) Godena,M (2548)-Gashimov,V (2757) Porto Carras 2011}) 9... Nf4 10. Bf1 b6 $146 ({Predecessor:} 10... Ne6 11. Nc4 h6 12. a5 a6 13. g3 Ng5 14. Nxg5 hxg5 15. dxe5 Nxe5 16. Nxe5 Bxe5 {½-½ (42) Husari,S (2334)-Berczes,C (2397) Budapest 2010}) 11. a5 Bb7 12. a6 Bc8 13. Nc4 b5 14. dxe5 dxe5 15. Ncxe5 Nxg2 16. Bxg2 Nxe5 17. Nxe5 Bxe5 18. Qxd8 Rxd8 19. f4 Bg7 20. e5 Rb8 21. Be3 c6 22. Bxa7 Ra8 23. Bb6 Rd2 $18 24. a7 Bb7 25. Rad1 Rxb2 26. Rd7 Bc8 27. Rd8+ *

[Event "17th Izmir Open 2018"]
[Site "Izmir"]
[Date "2018.09.09"]
[Round "1.5"]
[White "Guseynov, Alihan"]
[Black "Yunus, Ali Emre"]
[Result "*"]
[ECO "D35"]
[WhiteElo "2297"]
[BlackElo "1294"]
[Annotator "NA"]
[PlyCount "51"]
[EventDate "2018.09.09"]
[EventType "swiss"]
[EventCountry "TUR"]
[SourceTitle "playchess.com"]
[Source "ChessBase"]
[SourceQuality "1"]
[TimeControl "5400+30"]

1. d4 d5 2. c4 e6 3. Nc3 Nf6 4. Bg5 Be7 5. cxd5 exd5 6. e3 O-O 7. Bd3 b6 8. Bxf6 Bxf6 9. Qh5 g6 10. Qxd5 c6 11. Qxd8 Rxd8 12. Nge2 {D35: Queen's Gambit Declined: Exchange Variation} Bb7 13. Be4 Nd7 14. Rc1 (14. O-O Rac8 15. Rfd1 Ba6 16. Bd3 Bxd3 17. Rxd3 c5 18. Nd5 cxd4 19. Nxf6+ Nxf6 20. Rxd4 Rxd4 21. Nxd4 {1-0 (62) Hummel,P (2364)-Peters,J (2448) San Pedro 2006}) 14... Rac8 $146 ({Predecessor:} 14... Rab8 15. O-O c5 16. Rfd1 cxd4 17. exd4 Bg7 18. Bxb7 Rxb7 19. Ne4 Nf6 20. Nxf6+ Bxf6 21. Rc2 Rbd7 22. Kf1 Kf8 23. Rcd2 {½-½ (23) Kilian,M (2013)-Kuhn,N (2151) Schweinfurt 2014}) 15. Nb5 Be7 16. Nxa7 Bb4+ 17. Kd1 Ra8 18. Nxc6 Bxc6 19. Rxc6 Rxa2 20. Kc2 Nc5 21. Bf3 b5 22. Rxc5 Bxc5 23. dxc5 Rc8 24. c6 Rd8 25. Nd4 Ra5 26. Kb3 $18 *

[Event "17th Izmir Open 2018"]
[Site "Izmir"]
[Date "2018.09.09"]
[Round "1.7"]
[White "Mohannad, Farhan"]
[Black "Demirtas, Alper"]
[Result "*"]
[ECO "D43"]
[WhiteElo "2201"]
[BlackElo "1423"]
[Annotator "NA"]
[PlyCount "35"]
[EventDate "2018.09.09"]
[EventType "swiss"]
[EventCountry "TUR"]
[SourceTitle "playchess.com"]
[Source "ChessBase"]
[SourceQuality "1"]
[TimeControl "5400+30"]

1. d4 d5 2. c4 c6 3. Nf3 Nf6 4. Nc3 e6 5. Qb3 Qc7 6. Bg5 Be7 7. e3 O-O 8. Rc1 dxc4 9. Bxc4 b5 10. Bd3 Qb6 11. O-O a5 12. e4 Re8 13. e5 Nd5 14. Nxd5 exd5 15. Qxd5 Be6 16. Qe4 g6 17. Qh4 h5 18. Bxe7 *

[Event "17th Izmir Open 2018"]
[Site "Izmir"]
[Date "2018.09.09"]
[Round "1.8"]
[White "Sarbak, Omer"]
[Black "Grigoriev, Armen"]
[Result "0-1"]
[ECO "B30"]
[WhiteElo "1343"]
[BlackElo "2067"]
[Annotator "NA"]
[PlyCount "98"]
[EventDate "2018.09.09"]
[EventType "swiss"]
[EventCountry "TUR"]
[SourceTitle "playchess.com"]
[Source "ChessBase"]
[SourceQuality "1"]
[TimeControl "5400+30"]

1. e4 c5 2. Nf3 Nc6 3. Bb5 Na5 4. Be2 Nf6 5. e5 Nd5 6. Nc3 Nf4 7. O-O b6 8. d4 Nxe2+ 9. Qxe2 cxd4 10. Nxd4 Bb7 11. f4 Qc8 12. Qf2 h5 13. f5 Nc6 14. Nf3 Nb4 15. a3 Nd5 16. Nxd5 Bxd5 17. Nd4 Qb7 18. f6 gxf6 19. exf6 Rg8 20. g3 e6 21. Bf4 d6 22. Rfe1 h4 23. Rad1 hxg3 24. Bxg3 O-O-O 25. Ne2 Be4 26. Nc3 Bc6 27. b4 d5 28. Ne2 Bd6 29. Nd4 Rg4 30. Nxc6 Qxc6 31. Rd3 Rdg8 32. Ree3 Rc4 33. Re2 Kb7 34. Kf1 Rc8 35. Bxd6 Qxd6 36. Rg3 e5 37. Rg5 Rf4 38. Rgxe5 Rxf2+ 39. Kxf2 Qxf6+ 40. Ke1 Rxc2 41. Re7+ Ka6 42. Rxa7+ Kxa7 43. Rxc2 Qa1+ 44. Kd2 Qxa3 45. Rc7+ Ka6 46. Rxf7 Qxb4+ 47. Kd3 Qe4+ 48. Kc3 d4+ 49. Kd2 Qe3+ 0-1

[Event "17th Izmir Open 2018"]
[Site "Izmir"]
[Date "2018.09.09"]
[Round "1.9"]
[White "Kirilmaz, Emre"]
[Black "Vural, Emre"]
[Result "1-0"]
[ECO "D03"]
[WhiteElo "2017"]
[BlackElo "1412"]
[Annotator "NA"]
[PlyCount "67"]
[EventDate "2018.09.09"]
[EventType "swiss"]
[EventCountry "TUR"]
[SourceTitle "playchess.com"]
[Source "ChessBase"]
[SourceQuality "1"]
[TimeControl "5400+30"]

1. d4 d5 2. c3 Nf6 3. Bg5 e6 4. Nd2 Be7 5. Ngf3 Nbd7 6. e3 h6 7. Bf4 c5 8. Bd3 O-O 9. O-O Nh5 10. Be5 Nhf6 11. Rc1 Nxe5 12. Nxe5 Nd7 13. f4 f5 14. Ndf3 c4 15. Bb1 Nf6 16. Ng6 Re8 17. Nfe5 Bd6 18. Kh1 Bxe5 19. fxe5 Nd7 20. g4 fxg4 21. Qxg4 Qg5 22. Qxg5 hxg5 23. Rf3 Nf8 24. Nxf8 Rxf8 25. Bh7+ Kxh7 26. Rxf8 b6 27. Rcf1 Bb7 28. Rxa8 Bxa8 29. Rf7 Bc6 30. Rxa7 Kg6 31. Ra6 Kf5 32. Rxb6 Bd7 33. Kg2 Ke4 34. Kf2 1-0

[Event "17th Izmir Open 2018"]
[Site "Izmir"]
[Date "2018.09.09"]
[Round "1.10"]
[White "Aydin, Erman"]
[Black "Bilyap, Enis"]
[Result "0-1"]
[ECO "E81"]
[WhiteElo "1518"]
[BlackElo "1983"]
[Annotator "NA"]
[PlyCount "60"]
[EventDate "2018.09.09"]
[EventType "swiss"]
[EventCountry "TUR"]
[SourceTitle "playchess.com"]
[Source "ChessBase"]
[SourceQuality "1"]
[TimeControl "5400+30"]

1. d4 d6 2. c4 Nf6 3. Nc3 g6 4. e4 Bg7 5. f3 Nbd7 6. Be3 c5 7. d5 Ne5 8. Qd2 O-O 9. Bd3 Qa5 10. Nge2 Nfd7 11. b3 a6 12. Kf2 f5 13. Bc2 fxe4 14. Bxe4 Ng4+ 15. Kg1 Nxe3 16. Qxe3 b5 17. Rb1 bxc4 18. bxc4 Ne5 $17 19. Bd3 Nxd3 20. Qxd3 Bf5 21. Ne4 Qxa2 22. Kf2 Rab8 23. Rhc1 a5 24. Kg1 a4 25. g4 Rxb1 26. Rxb1 Bxe4 27. Qxe4 a3 28. Rb7 Qa1+ 29. Kg2 a2 30. Qxe7 Qf6 0-1

[Event "17th Izmir Open 2018"]
[Site "Izmir"]
[Date "2018.09.10"]
[Round "3.3"]
[White "Arat, Ufuk Sezen"]
[Black "Isilak, Enes"]
[Result "1-0"]
[ECO "D02"]
[WhiteElo "2385"]
[BlackElo "1830"]
[Annotator "ChessBase"]
[PlyCount "77"]
[EventDate "2018.09.09"]
[EventType "swiss"]
[EventCountry "TUR"]
[SourceTitle "playchess.com"]
[Source "ChessBase"]
[SourceQuality "1"]
[TimeControl "5400+30"]

1. d4 Nf6 2. Nf3 g6 3. Nbd2 d5 4. b4 Bg7 5. e3 O-O 6. Be2 Ne4 7. Bb2 c5 8. bxc5 Nxc5 9. Rb1 Na4 10. Ba1 Bf5 11. Nh4 Be4 12. Nxe4 dxe4 13. c4 Nb6 14. g3 Nc6 15. O-O Qc7 16. Qc2 e5 17. c5 Nd7 18. d5 Na5 19. Rfc1 Rac8 20. c6 bxc6 21. Qxe4 Qd6 22. Qa4 Qc7 23. d6 Qd8 24. Bc3 Nb7 25. Rxb7 Nc5 26. Qxa7 Nxb7 27. Qxb7 Qxd6 28. Nf3 Rb8 29. Qa6 h5 30. h4 Rfe8 31. Ng5 Re7 32. Rd1 Qc7 33. Bc4 Bf6 34. Ne4 Bg7 35. Qa5 Qc8 36. Qc5 Qg4 37. Qxe7 Qxd1+ 38. Kg2 Rb1 39. Nf6+ 1-0

[Event "17th Izmir Open 2018"]
[Site "Izmir"]
[Date "2018.09.10"]
[Round "3.4"]
[White "Sekerci, Berkin"]
[Black "Darban, Morteza"]
[Result "0-1"]
[ECO "B03"]
[WhiteElo "1815"]
[BlackElo "2333"]
[Annotator "NA"]
[PlyCount "86"]
[EventDate "2018.09.09"]
[EventType "swiss"]
[EventCountry "TUR"]
[SourceTitle "playchess.com"]
[Source "ChessBase"]
[SourceQuality "1"]
[TimeControl "5400+30"]

1. e4 Nf6 2. e5 Nd5 3. d4 d6 4. Nf3 g6 5. exd6 cxd6 6. Bc4 Nf6 7. O-O d5 8. Bb3 Bg7 9. Bf4 O-O 10. Nbd2 Nc6 11. h3 Nh5 12. Be5 Nxe5 13. Nxe5 e6 14. Ndf3 b6 15. Qd2 Bb7 16. c3 Nf6 17. Qe3 Ne4 18. Nd2 Nd6 $15 19. Bc2 Rc8 20. Bd3 Nc4 21. Ndxc4 dxc4 22. Be4 Bd5 23. Bxd5 Qxd5 24. Rfe1 Rc7 25. Qe4 Qxe4 26. Rxe4 Rb8 27. Rd1 b5 28. d5 Rd8 29. d6 Rc5 30. Nf3 Kf8 31. Re2 Ke8 32. h4 h6 33. g3 Kd7 34. Nd2 Rd5 35. Ree1 Kxd6 36. Ne4+ Kc6 37. Rxd5 exd5 38. Nd2 d4 39. cxd4 Bxd4 40. Nf3 Bxb2 41. Re2 Bf6 42. Rc2 Rd3 43. Nd2 Rc3 0-1

[Event "17th Izmir Open 2018"]
[Site "Izmir"]
[Date "2018.09.10"]
[Round "3.5"]
[White "Guseynov, Alihan"]
[Black "Yildiz, Talat"]
[Result "1-0"]
[ECO "D37"]
[WhiteElo "2297"]
[BlackElo "1847"]
[Annotator "NA"]
[PlyCount "63"]
[EventDate "2018.09.09"]
[EventType "swiss"]
[EventCountry "TUR"]
[SourceTitle "playchess.com"]
[Source "ChessBase"]
[SourceQuality "1"]
[TimeControl "5400+30"]

1. d4 d5 2. c4 e6 3. Nc3 Be7 4. Nf3 Nf6 5. Bf4 {LiveBook: 6636 Games} O-O 6. e3 a6 7. c5 c6 (7... b6 $11) 8. Bd3 Nbd7 9. h3 b6 10. b4 a5 11. a3 bxc5 (11... Ba6 $11 {remains equal.}) 12. bxc5 Ba6 13. Bxa6 Rxa6 14. Rb1 Qc8 15. O-O Bd8 16. Qd3 Ra7 17. Ne5 Nxe5 18. Bxe5 Nd7 19. Bd6 $16 Re8 20. e4 Bc7 21. e5 Bxd6 22. cxd6 Rb7 23. Na4 Qa8 24. Rxb7 Qxb7 25. Rb1 Qa7 26. Qc3 Rb8 27. Rxb8+ Nxb8 28. Qc5 Qxc5 29. Nxc5 Kf8 30. f4 Ke8 31. Kf2 h6 32. h4 1-0

[Event "17th Izmir Open 2018"]
[Site "Izmir"]
[Date "2018.09.10"]
[Round "3.6"]
[White "Camlar, Arda"]
[Black "Isik, Alparslan"]
[Result "*"]
[ECO "B27"]
[WhiteElo "1675"]
[BlackElo "2210"]
[Annotator "NA"]
[PlyCount "66"]
[EventDate "2018.09.09"]
[EventType "swiss"]
[EventCountry "TUR"]
[SourceTitle "playchess.com"]
[Source "ChessBase"]
[SourceQuality "1"]
[TimeControl "5400+30"]

1. e4 c5 2. Nf3 g6 3. c3 Bg7 4. d4 cxd4 5. cxd4 d5 6. e5 Nc6 7. Bb5 Bd7 8. Nc3 e6 9. O-O Nge7 10. Be3 Nf5 11. Qd2 Nxe3 12. fxe3 O-O 13. Rac1 Qb6 14. Qe2 a6 15. Bd3 $11 f6 16. exf6 Rxf6 17. Na4 Qc7 18. Nc5 Raf8 19. Nxd7 Qxd7 20. Rfd1 Qd6 21. Bc2 Kh8 22. Bb3 Bh6 23. Rc5 Rf5 24. Rdc1 Bg7 25. h3 Rxf3 26. gxf3 Nxd4 27. Qg2 Nxf3+ 28. Kh1 Nh4 29. Qh2 Be5 30. Qg1 Rf3 31. Qg4 Qe7 32. Rc8+ Kg7 33. Rg1 h5 *

[Event "17th Izmir Open 2018"]
[Site "Izmir"]
[Date "2018.09.10"]
[Round "3.7"]
[White "Mohannad, Farhan"]
[Black "Selvi, Kaan"]
[Result "1/2-1/2"]
[ECO "A46"]
[WhiteElo "2201"]
[BlackElo "1810"]
[Annotator "NA"]
[PlyCount "94"]
[EventDate "2018.09.09"]
[EventType "swiss"]
[EventCountry "TUR"]
[SourceTitle "playchess.com"]
[Source "ChessBase"]
[SourceQuality "1"]
[TimeControl "5400+30"]

1. d4 Nf6 2. c4 c5 3. dxc5 e6 4. Nf3 Bxc5 5. Nc3 O-O 6. e3 Nc6 {A46: Damenbauernspiele} 7. Be2 b6 (7... e5 8. O-O d6 9. b3 Bf5 10. Bb2 Re8 11. Qd2 e4 12. Nd4 Nxd4 13. exd4 Bb6 {½-½ (52) Chernyshov,K (2530)-Okhotnik,V (2418) Heviz 2013}) 8. O-O Bb7 9. a3 Rc8 10. b4 Be7 11. Bb2 d6 $146 ({Vorgänger:} 11... Qc7 12. Qb3 Rfd8 13. Rac1 Qb8 {1-0 (31) Umstead,G-Grachev,J (2363) Dos Hermanas 2004}) 12. Qb3 Qc7 13. Rac1 Qb8 14. Rfd1 Rfd8 15. Rd2 Nd7 16. Rcd1 Nce5 17. Nd4 a6 18. f4 Ng6 19. f5 exf5 20. Nxf5 Nde5 21. Nd5 Bxd5 22. cxd5 b5 23. Bxe5 dxe5 24. d6 Bf6 25. d7 Rc7 26. Bg4 e4 27. Qd5 Ne5 28. Qxe4 Rc4 29. Nd4 Nxd7 30. Be2 Re8 31. Qf5 Rc7 32. Nxb5 axb5 33. Rxd7 Rxd7 34. Qxd7 Rxe3 35. Rc1 Re8 36. Bxb5 Rd8 37. Qf5 Qa7+ 38. Kh1 Qxa3 39. Rb1 Qc3 40. Bf1 g6 41. Qe4 Rd4 42. Qf3 Qxf3 $11 43. gxf3 Bd8 44. b5 Rd6 45. Ra1 Bb6 46. Ra8+ Kg7 47. Ra1 Rd8 1/2-1/2

[Event "17th Izmir Open 2018"]
[Site "Izmir"]
[Date "2018.09.10"]
[Round "3.8"]
[White "Uregen, Rafet"]
[Black "Grigoriev, Armen"]
[Result "*"]
[ECO "C02"]
[WhiteElo "1695"]
[BlackElo "2067"]
[Annotator "NA"]
[PlyCount "105"]
[EventDate "2018.09.09"]
[EventType "swiss"]
[EventCountry "TUR"]
[SourceTitle "playchess.com"]
[Source "ChessBase"]
[SourceQuality "1"]
[TimeControl "5400+30"]

1. e4 Nc6 2. d4 d5 3. e5 e6 4. Nf3 Bd7 5. c3 f6 6. Bd3 Qe7 (6... Nh6 $14) 7. Qe2 Qf7 8. a4 Nge7 9. Na3 (9. b4 $16) 9... Ng6 10. g3 Be7 11. Bd2 (11. h4 $14) 11... Na5 12. Bc2 a6 13. O-O O-O 14. Qd3 $11 Rfd8 15. b4 Nc6 16. Rfe1 fxe5 17. Nxe5 Ncxe5 18. dxe5 c5 19. f4 Rac8 20. Qf3 cxb4 21. cxb4 a5 22. Bd3 axb4 23. Nb5 Bc5+ 24. Kf1 Bxb5 25. Bxb5 Bd4 26. Rab1 Bc3 27. Bxc3 Rxc3 28. Qf2 b3 29. Kg1 Rdc8 30. Qb6 Qe7 31. Qd6 Rd8 32. Qb6 Kf7 33. Qd4 Rdc8 34. f5 Nf8 35. fxe6+ Nxe6 36. Rf1+ Kg8 37. Qxd5 Qc5+ 38. Qxc5 R8xc5 39. Rfe1 Kf7 40. Bf1 Ke7 41. Re4 Ng5 42. Rb4 Rc2 43. Rxb7+ Ke6 44. R7xb3 Kxe5 45. Re1+ Kd6 46. Bg2 Rc1 47. Rd3+ Kc7 48. Rdd1 Rxd1 49. Rxd1 Rc2 50. Rb1 Ne6 51. a5 Nc5 52. h4 Ra2 53. Rb5 *

[Event "17th Izmir Open 2018"]
[Site "Izmir"]
[Date "2018.09.11"]
[Round "5.3"]
[White "Darban, Morteza"]
[Black "Degirmenci, Yagiz"]
[Result "1/2-1/2"]
[ECO "D00"]
[WhiteElo "2333"]
[BlackElo "1852"]
[Annotator "NA"]
[PlyCount "46"]
[EventDate "2018.09.09"]
[EventType "swiss"]
[EventCountry "TUR"]
[SourceTitle "playchess.com"]
[Source "ChessBase"]
[SourceQuality "1"]
[TimeControl "5400+30"]

1. d4 d5 2. Bg5 Nf6 3. Bxf6 exf6 4. e3 g6 5. c4 c6 6. Nc3 dxc4 7. Bxc4 Bg7 8. Nge2 O-O 9. Nf4 {D00: 1 d4 d5: Unusual lines} Bh6 10. Qf3 Bxf4 $146 ({Predecessor:} 10... Qd6 11. O-O-O Bxf4 12. Qxf4 Qxf4 13. exf4 {½-½ (13) Nickl,K (2026)-Palmi,H (2048) Bayerisch Eisenstein 2018}) 11. Qxf4 Be6 12. Bxe6 fxe6 13. O-O Na6 14. Rfd1 Qe7 15. Rd2 Rad8 16. Rad1 Rd7 17. h4 Rfd8 18. Ne4 f5 19. Ng5 e5 20. Qg3 e4 $11 21. a3 Qd6 22. f4 h6 23. Nh3 h5 1/2-1/2

[Event "17th Izmir Open 2018"]
[Site "Izmir"]
[Date "2018.09.11"]
[Round "5.4"]
[White "Dere, Abdullah Dogukan"]
[Black "Mohannad, Farhan"]
[Result "0-1"]
[ECO "A14"]
[WhiteElo "1938"]
[BlackElo "2201"]
[Annotator "NA"]
[PlyCount "66"]
[EventDate "2018.09.09"]
[EventType "swiss"]
[EventCountry "TUR"]
[SourceTitle "playchess.com"]
[Source "ChessBase"]
[SourceQuality "1"]
[TimeControl "5400+30"]

1. Nf3 Nf6 2. g3 b6 3. Bg2 Bb7 4. c4 c5 5. O-O e6 6. b3 Be7 7. Bb2 O-O 8. Qc2 Nc6 9. a3 d5 10. d3 d4 11. Nbd2 Qd7 {A14: English Opening: 1...e6 with b3 by White} 12. e3 (12. Rad1 Ng4 13. h3 Nh6 14. b4 cxb4 15. axb4 Nxb4 {0-1 (87) Breahna,R (2403)-Jaworski,M (2445) ICCF email 2008}) 12... e5 $146 ({Predecessor:} 12... Rfd8 13. exd4 Nxd4 14. Nxd4 Bxg2 15. Kxg2 cxd4 16. Rfe1 Qc6+ 17. f3 Ng4 18. Nf1 Bg5 19. Bc1 Bxc1 20. Qxc1 {½-½ (36) Asikanius,K-Tolonen,I Finland 1992}) 13. exd4 exd4 14. Rfe1 Rfe8 15. Nf1 h6 16. h3 a5 17. g4 Bd6 18. Ng3 {[#]} Ne7 $1 19. Nh4 Bxg2 20. Nxg2 Ng6 21. Nf5 Bc7 22. Qd2 Qc6 23. Rxe8+ Rxe8 24. g5 hxg5 25. Qxg5 Qf3 26. Ng3 Qxd3 27. h4 Re5 28. Qc1 Qxb3 29. Rb1 Qf3 30. Qf1 $19 Nh5 31. Ne1 Qg4 32. Nd3 Nxg3 33. Nxe5 Ne2+ 0-1

[Event "17th Izmir Open 2018"]
[Site "Izmir"]
[Date "2018.09.11"]
[Round "5.5"]
[White "Taskin, Arda"]
[Black "Grigoriev, Armen"]
[Result "0-1"]
[ECO "E17"]
[WhiteElo "1682"]
[BlackElo "2067"]
[Annotator "NA"]
[PlyCount "124"]
[EventDate "2018.09.09"]
[EventType "swiss"]
[EventCountry "TUR"]
[SourceTitle "playchess.com"]
[Source "ChessBase"]
[SourceQuality "1"]
[TimeControl "5400+30"]

1. d4 Nf6 2. c4 e6 3. Nf3 b6 4. g3 Bb7 5. Bg2 d5 6. O-O Be7 7. Nc3 O-O 8. cxd5 exd5 9. Ne5 c6 10. Re1 Na6 {E17: Damenindisch (Hauptfortsetzung)} 11. a3 (11. Bf4 Nc7 12. Qa4 b5 13. Qc2 Ne6 14. Rad1 Bd6 15. Bh3 Qe7 16. e3 g5 17. Bxe6 gxf4 18. Bf5 fxg3 19. hxg3 Bxe5 20. dxe5 Qxe5 {1-0 (36) Wojtkiewicz,A (2575)-Murdzia,P (2410) Krynica 1997}) 11... Nc7 12. e4 Re8 $146 ({Vorgänger:} 12... c5 13. dxc5 Bxc5 14. Bg5 h6 15. Bxf6 Qxf6 16. Ng4 Qd4 17. exd5 Ne8 18. Qe2 {1-0 (51) Misiuga,A (2198)-Slizek,J (1983) Czechia 2006}) 13. exd5 Ncxd5 14. Ne4 Nxe4 15. Bxe4 g6 16. Bd2 Bf6 17. Bg2 Bg7 18. Rc1 Qd6 19. f4 f6 20. Nf3 Rxe1+ 21. Bxe1 Bf8 22. Bd2 a5 23. Qe2 Ba6 24. Qe4 Rd8 25. f5 Ne7 26. fxg6 hxg6 27. Bf4 Qd7 28. Re1 Bc4 29. Be3 Bd5 30. Qd3 Bf7 31. Qc2 Nd5 32. Bf2 Bh6 33. Nd2 Ne7 34. Nc4 Rb8 35. Nd2 Bg7 36. Qe4 Nd5 37. Qc2 Re8 38. Rxe8+ Qxe8 39. Nc4 Qd8 40. Ne3 f5 41. Nc4 Ne7 42. Ne5 Bxe5 43. dxe5 c5 44. Be3 Qd7 45. Qd2 Qxd2 46. Bxd2 Bb3 47. Bg5 Kf7 48. Kf2 Ke6 49. Ke3 Nc8 50. Kf4 b5 51. Bc6 b4 52. Be8 c4 53. axb4 ({Resist} 53. Bxg6 $6 c3 $16) 53... axb4 (53... a4 $142) 54. Bxg6 Bc2 55. g4 Nb6 $18 56. gxf5+ Kd5 57. e6 Kd6 58. Ke3 c3 59. bxc3 b3 60. Kd2 Nc4+ 61. Kc1 Bd3 62. Bf4+ Kd5 0-1

[Event "17th Izmir Open 2018"]
[Site "Izmir"]
[Date "2018.09.11"]
[Round "5.6"]
[White "Kirilmaz, Emre"]
[Black "Cilek, Bora"]
[Result "1-0"]
[ECO "A48"]
[WhiteElo "2017"]
[BlackElo "1955"]
[Annotator "NA"]
[PlyCount "95"]
[EventDate "2018.09.09"]
[EventType "swiss"]
[EventCountry "TUR"]
[SourceTitle "playchess.com"]
[Source "ChessBase"]
[SourceQuality "1"]
[TimeControl "5400+30"]

1. d4 Nf6 2. c3 g6 3. Bg5 Bg7 4. Nd2 d6 5. e4 Nbd7 6. Ngf3 e5 7. dxe5 dxe5 8. Bc4 O-O 9. O-O Qe7 10. Qe2 h6 11. Bh4 g5 {A48: Königsindisch (ohne c2-c4)} 12. Bg3 Nh5 13. Rfd1 $146 ({Vorgänger:} 13. h4 Nf4 {½-½ (41) Castillo Gallego,S (2170)-Del Rey,D (2350) Mancha Real 1998}) 13... Nf4 14. Qe3 Re8 15. h4 Nf8 16. hxg5 hxg5 17. Bb3 N8g6 18. Nc4 g4 (18... Bg4 $15) 19. Nh2 Bh6 20. Qe1 Nh5 21. Ne3 Nxg3 22. Nexg4 Bg5 23. fxg3 Kg7 24. Qf2 Rh8 25. Ne3 Bxe3 26. Qxe3 Rh7 27. Rd2 Be6 28. Nf3 Bg4 29. Ng5 Rh5 30. Nxf7 Rf8 31. Rf1 Be6 32. Rdf2 Bxb3 33. axb3 b6 34. b4 a6 35. Qf3 Rh7 36. Qg4 Rxf7 37. Rxf7+ Qxf7 38. Rxf7+ Kxf7 39. Qd7+ Kg8 40. Qc8+ $18 Nf8 41. Qxa6 Re7 42. Qc8 Kf7 43. Qf5+ Ke8 44. g4 Nd7 45. g5 Rf7 46. Qe6+ Re7 47. Qg8+ Nf8 48. g6 1-0

[Event "17th Izmir Open 2018"]
[Site "Izmir"]
[Date "2018.09.11"]
[Round "5.7"]
[White "Arat, Ufuk Sezen"]
[Black "Selvi, Kaan"]
[Result "1-0"]
[ECO "A60"]
[WhiteElo "2385"]
[BlackElo "1810"]
[Annotator "NA"]
[PlyCount "83"]
[EventDate "2018.09.09"]
[EventType "swiss"]
[EventCountry "TUR"]
[SourceTitle "playchess.com"]
[Source "ChessBase"]
[SourceQuality "1"]
[TimeControl "5400+30"]

1. d4 Nf6 2. c4 c5 3. d5 e6 4. Nc3 exd5 5. cxd5 Bd6 6. g3 O-O {A60: Benoni (Moderne Benoni-Verteidigung)} 7. Bg2 a6 (7... Re8 8. Nf3 Bf8 9. O-O d6 10. Nd2 Nbd7 11. h3 a6 12. a4 Rb8 13. a5 b5 14. axb6 Rxb6 {1-0 (41) Wojtaszek,R (2727)-Li,C (2751) Huaian 2016}) 8. a4 Qe7 9. Nf3 Bc7 10. O-O d6 11. Nd2 Nbd7 12. e4 Rb8 13. Qe2 Re8 14. h3 Qd8 $146 (14... b5 $5) 15. f4 b5 16. axb5 axb5 17. Nxb5 Nxd5 $1 18. Nxc7 (18. e5 $5 Nb4 19. Nxc7 Qxc7 20. exd6 $11) 18... Qxc7 19. e5 Bb7 20. Nc4 (20. Ra7 $11 N5b6 21. Rd1) 20... dxe5 21. Ra7 {[#]} N7b6 $16 (21... e4 $1 $15 {[%mdl 512] stays ahead.}) 22. fxe5 Nxc4 23. Qxc4 Red8 24. Bg5 Rf8 25. Qxd5 Bxd5 26. Rxc7 Bxg2 27. Kxg2 Rxb2+ 28. Rf2 Rxf2+ 29. Kxf2 f6 30. exf6 gxf6 31. Bf4 Ra8 32. Rxc5 Kg7 33. Kf3 Kg6 34. Kg4 Rf8 35. Rc6 Re8 36. Bd2 Re2 37. Bc3 Rf2 38. h4 h5+ 39. Kh3 Rf5 40. Kg2 Kf7 41. Bd4 Kg6 42. Rc5 1-0

[Event "17th Izmir Open 2018"]
[Site "Izmir"]
[Date "2018.09.11"]
[Round "5.9"]
[White "Guncan, Berke"]
[Black "Erdogan, Tekin Alp"]
[Result "1-0"]
[ECO "E18"]
[WhiteElo "1946"]
[BlackElo "1659"]
[Annotator "NA"]
[PlyCount "117"]
[EventDate "2018.09.09"]
[EventType "swiss"]
[EventCountry "TUR"]
[SourceTitle "playchess.com"]
[Source "ChessBase"]
[SourceQuality "1"]
[TimeControl "5400+30"]

1. d4 Nf6 2. Nf3 e6 3. g3 b6 4. Bg2 Bb7 5. O-O Be7 6. c4 O-O 7. Nc3 d6 8. Qc2 Nbd7 9. e4 e5 10. d5 Re8 {E18: Queen's Indian: Old Main Line (4 g3 Bb7 5 Bg2 Be7 6 0-0 0-0 7 Nc3)} 11. Ne1 c6 $146 ({Predecessor:} 11... Bf8 12. Nd3 g6 13. f3 Bg7 14. Be3 a5 15. b3 Qe7 16. a3 Nc5 17. Nf2 Nh5 18. b4 {1-0 (32) Lichmann,P (2314)-Kim,O (2088) Willingen 2007}) 12. dxc6 Bxc6 13. Nd3 a5 14. b3 Qc7 15. Ba3 Qb7 16. Nd5 Bxd5 17. cxd5 Rec8 18. Qe2 b5 19. f4 b4 20. Bb2 Qb5 21. Qf3 Rc2 22. fxe5 (22. Rac1 $14 Rac8 23. Rxc2 Rxc2 24. Qd1 Qb6+ 25. Kh1) 22... dxe5 23. Rac1 Rac8 24. Rxc2 Rxc2 25. Qd1 Qb6+ 26. Kh1 Qc7 27. Bh3 Bd6 28. Rf2 Rxf2 29. Nxf2 h6 30. Qe2 Qa7 31. Bxd7 Qxd7 32. Kg2 Qc7 33. Qd3 Qc5 34. Nd1 Bb8 35. Ne3 Ba7 36. Kf3 Nd7 $11 37. Qd2 f6 38. Bc1 Kf8 39. Qc2 h5 40. Qxc5+ Nxc5 41. Nc4 a4 42. Be3 axb3 43. axb3 Ke7 44. g4 hxg4+ 45. Kxg4 g6 46. h4 Kf7 47. Nd6+ Ke7 48. Nc8+ Kd7 49. Nxa7 Nxe4 50. Nc6 f5+ 51. Kf3 Kd6 52. Nxb4 Nf6 53. Ba7 Nd7 54. Ke3 f4+ 55. Kf3 Nf8 56. Bb8+ Kc5 57. Bxe5 Nd7 58. Bc3 Nb6 59. Kxf4 1-0

[Event "17th Izmir Open 2018"]
[Site "Izmir"]
[Date "2018.09.11"]
[Round "5.10"]
[White "Akbas, Umut Ata"]
[Black "Taspinar, Yanki"]
[Result "1-0"]
[ECO "C29"]
[WhiteElo "1617"]
[BlackElo "1961"]
[Annotator "NA"]
[PlyCount "117"]
[EventDate "2018.09.09"]
[EventType "swiss"]
[EventCountry "TUR"]
[SourceTitle "playchess.com"]
[Source "ChessBase"]
[SourceQuality "1"]
[TimeControl "5400+30"]

1. e4 e5 2. Nc3 Nf6 3. f4 d5 4. fxe5 Nxe4 5. Nf3 Be7 6. Be2 O-O 7. O-O Be6 8. d4 c5 9. Bd3 Nxc3 10. bxc3 Nc6 11. Rb1 Rb8 12. Qe1 c4 13. Be2 Bf5 14. Bd1 Bg6 15. Bf4 b6 16. Qg3 Rc8 17. Ng5 Bxg5 18. Bxg5 Qc7 19. h4 f6 20. Bxf6 Rxf6 21. Rxf6 gxf6 22. h5 fxe5 23. hxg6 exd4 24. gxh7+ Kh8 25. Qh3 Re8 26. Bh5 Rf8 27. Qe6 Qe5 28. Qxe5+ Nxe5 29. cxd4 Nc6 30. c3 Kxh7 31. Bf3 Rd8 32. Re1 Rd6 33. Kf2 Kg6 34. g4 b5 35. Bxd5 Rxd5 36. Re6+ Kg5 37. Rxc6 Kxg4 38. Ke3 Kf5 39. Ra6 Rd7 40. Ra5 Re7+ 41. Kd2 Rb7 42. a4 Ke4 43. Rxb5 Rh7 44. Re5+ Kf4 45. Kc2 Rc7 46. Kb2 Rb7+ 47. Rb5 Rc7 48. Ka3 Ke4 49. Kb4 Kd3 50. a5 Rd7 51. d5 Rf7 52. d6 Rf8 53. Rd5+ Ke4 54. Rd4+ Ke5 55. d7 Rd8 56. Kc5 Ke6 57. Kc6 Ke7 58. Kc7 a6 59. Re4+ 1-0